 Dungeon Crawl Stone Soup version 0.28-a0-1404-g4df0f3684d (webtiles) character file.

Game seed: 5280429618178075977

1379 Sabo the Cudgeller (level 8, -5/74 HPs)
             Began as a Troll Hedge Wizard on Jan 5, 2022.
             Was a Believer of Makhleb.
             Slain by a gnoll (11 damage)
             ... on level 6 of the Dungeon.
             The game lasted 00:42:25 (7085 turns).

Sabo the Cudgeller (Troll Hedge Wizard)             Turns: 7085, Time: 00:42:26

Health: -5/74      AC:  4    Str: 21    XL:     8   Next: 39%
Magic:  12/12      EV: 11    Int: 12    God:    Makhleb [**....]
Gold:   414        SH:  0    Dex: 13    Spells: 12/13 levels left

rFire   . . .      SeeInvis +   g - +6 whip of Ru {speed, Drain Str+2 Dex+4 SInv}
rCold   . . .      Faith    .   (no shield)
rNeg    . . .      Spirit   .   b - +0 robe
rPois   +          Reflect  .   c - +0 hat
rElec   .          Harm     .   (no cloak)
rCorr   .          Rampage  .   (gloves unavailable)
Will    .....                   (boots unavailable)
Stlth   ++........              (no amulet)
HPRegen 1.02/turn               u - ring of wizardry
MPRegen 0.13/turn               q - ring of poison resistance

@: no status effects
A: large, unfitting armour, claws 3, regeneration 1, shaggy fur 1, tough skin 1
a: Renounce Religion, Minor Destruction


You were on level 6 of the Dungeon.
You worshipped Makhleb.
Makhleb was pleased with you.
You visited 1 branch of the dungeon, and saw 6 of its levels.

You collected 1193 gold pieces.
You spent 779 gold pieces at shops.

Inventory:

Hand Weapons
 d - a +0 hand axe
 g - the +6 whip of Ru (weapon) {speed, Drain Str+2 Dex+4 SInv}
   (You bought it in a shop on level 2 of the Dungeon)

   Attacks with this weapon are significantly faster.
   Str:       It affects your strength (+2).
   Dex:       It affects your dexterity (+4).
   SInv:      It lets you see invisible.
   Drain:     It drains your maximum health when unequipped.
 l - a +0 hunting sling
 w - a +0 giant club
Missiles
 f - 61 sling bullets
 o - 3 poisoned darts (quivered)
 r - 44 bolts
 B - 4 boomerangs
Armour
 b - a +0 robe (worn)
 c - a +0 hat (worn)
Jewellery
 e - a ring of protection from cold
 q - a ring of poison resistance (right claw)
 u - a ring of wizardry (left claw)
Wands
 t - a wand of flame (26)
 v - a wand of acid (16)
 x - a wand of paralysis (10)
Scrolls
 a - 5 scrolls of teleportation
 j - 2 scrolls of enchant weapon
 k - a scroll of silence
 p - a scroll of brand weapon
 s - a scroll of amnesia {unknown}
 y - 2 scrolls of vulnerability {unknown}
 A - a scroll of fog {unknown}
Potions
 h - a potion of attraction {unknown}
 i - 4 potions of flight {unknown}
 m - a potion of resistance {unknown}
 n - a potion of curing {unknown}
 z - a potion of magic {unknown}


   Skills:
 + Level 2.9 Fighting
 + Level 0.5 Short Blades
 + Level 2.0(3.4) Axes
 + Level 4.6(4.9) Maces & Flails
 + Level 3.6 Dodging
 + Level 1.8 Stealth
 + Level 3.3 Spellcasting
 + Level 2.5 Conjurations
 + Level 0.6 Summonings
 + Level 0.6 Translocations


You had 12 spell levels left.
You knew the following spells:

 Your Spells              Type           Power      Damage    Failure   Level
a - Magic Dart            Conj           32%        1d4       3%          1

Your spell library contained the following spells:

 Spells                   Type           Power      Damage    Failure   Level
 Slow                     Hex            8%         N/A       10%         1
 Blink                    Tloc           6%         N/A       12%         2
 Call Imp                 Summ           3%         N/A       12%         2
 Conjure Flame            Conj/Fire      5%         6-21      16%         3
 Mephitic Cloud           Conj/Pois/Air  4%         N/A       21%         3


Dungeon Overview and Level Annotations

Branches:
Dungeon (6/15)
 Temple: D:4-7

Altars:
Kikubaaqudgha
Makhleb
Okawaru
Sif Muna
Xom
The Shining One

Shops:
D:2 ((?


Innate Abilities, Weirdness & Mutations

You are too large for most types of armour.
You have claws for hands.
Your natural rate of healing is unusually fast.
You are covered in fur. (AC +1)
You have tough skin. (AC +1)


Message History

The gnoll shaman is severely wounded.
The gnoll hits you with a +0 club! The gnoll shaman misses you.
You barely miss the gnoll shaman. You claw the gnoll shaman.
The gnoll shaman is almost dead.
The gnoll hits you from afar with a +0 halberd!
You hit the gnoll shaman.
You kill the gnoll shaman!
Makhleb accepts your kill.
You feel better. The gnoll barely misses you.
You whack the gnoll!
The gnoll is severely wounded.
You hit the gnoll.
The gnoll is almost dead.
The gnoll hits you with a +0 club. The gnoll closely misses you.
You hit the gnoll.
You kill the gnoll!
Makhleb accepts your kill. The gnoll barely misses you.
The gnoll hits you with a +0 flail!
Items here: $ ))) [ †.
You barely miss the gnoll. The gnoll barely misses you. x2
You hit the gnoll.
The gnoll is moderately wounded.
You hit the gnoll.
The gnoll is moderately wounded.
The gnoll hits you from afar with a +0 halberd.
* * * LOW HITPOINT WARNING * * *
The gnoll hits you with a +0 flail!
* * * LOW HITPOINT WARNING * * *
You hit the gnoll.
The gnoll is severely wounded.
You hit the gnoll.
You kill the gnoll!
Makhleb accepts your kill.
The gnoll hits you from afar with a +0 halberd!
* * * LOW HITPOINT WARNING * * *
The gnoll completely misses you.
Items here: $ )) †.
The gnoll hits you with a +0 halberd!
You die...

#...........#.#.####
#.......###.#†#....#
#####.### #.#.###.##
#.# #.#.# #.# #.#
.#.###.#
###.#####.#.....#
#..>.)))#.#######
#.#.###g).......
#.#.#..@.......# .
#.#.........## .#
#.#.........# #.
#.#......##.# #
#g#........ .. g...#
.....#####..#. .....
.... #.# ..g.# .....
.# ....# ......


You could see a gnoll.

Vanquished Creatures
  A centaur zombie (D:5)
  A sky beast (D:6)
  4 ogres
  3 scorpions
  A howler monkey (D:4)
  A hound (D:5)
  A gnoll shaman (D:6)
  An orc priest (D:5)
  Natasha (D:2)
  3 iguanas
  An orc wizard (D:5)
  A hound skeleton (D:4)
  5 adders
  3 gnolls (D:6)
  An ufetubus (D:4)
  A worm (D:2)
  3 dart slugs
  13 orcs
  6 bats
  7 endoplasms
  A giant cockroach (D:1)
  5 goblins
  5 hobgoblins
  8 jackals
  12 kobolds
  8 quokkas
  8 ball pythons
  4 frilled lizards
  6 rats
115 creatures vanquished.

Vanquished Creatures (others)
  A human (D:5)
1 creature vanquished.

Grand Total: 116 creatures vanquished

Notes
Turn   | Place    | Note
-------+----------+-------------------------------------------
     0 | D:1      | Sabo the Troll Hedge Wizard began the quest for the Orb.
     0 | D:1      | Reached XP level 1. HP: 16/16 MP: 2/2
   369 | D:1      | Reached XP level 2. HP: 22/24 MP: 2/4
  1152 | D:1      | Reached XP level 3. HP: 31/31 MP: 5/5
  1780 | D:1      | Identified a scroll of acquirement
  1868 | D:2      | Found Pip Koid's Antique Weapon Emporium.
  2019 | D:2      | Reached skill level 1 in Axes
  2266 | D:2      | Found a faded altar of an unknown god.
  2326 | D:2      | Prayed at the altar of an unknown god.
  2326 | D:2      | Became a worshipper of Makhleb the Destroyer
  2326 | D:2      | Reached * piety under Makhleb
  2648 | D:2      | Found Sucomp's Magic Scroll Emporium.
  2810 | D:2      | Reached skill level 1 in Conjurations
  2859 | D:2      | Reached XP level 4. HP: 40/40 MP: 4/6
  2876 | D:2      | Noticed Natasha
  2883 | D:2      | Killed Natasha
  3027 | D:2      | Found Raik's Weapon Shop.
  3382 | D:2      | Acquired 954 gold pieces
  3387 | D:2      | Bought the +6 whip of Ru {speed, Drain Str+2 Dex+4 SInv}
                  | for 779 gold pieces
  3642 | D:3      | Found a burning altar of Makhleb.
  3910 | D:3      | Found a shimmering altar of Xom.
  4474 | D:4      | Noticed a scorpion
  4486 | D:4      | Killed a scorpion
  4487 | D:4      | Reached XP level 5. HP: 45/46 MP: 3/7
  4722 | D:4      | Noticed an ogre
  4733 | D:4      | Killed an ogre
  4734 | D:4      | Reached skill level 1 in Maces & Flails
  4734 | D:4      | Reached XP level 6. HP: 16/54 MP: 1/9
  4916 | D:4      | Reached skill level 1 in Fighting
  4917 | D:4      | Reached ** piety under Makhleb
  5540 | D:5      | Entered Level 5 of the Dungeon
  5636 | D:5      | Found an iron altar of Okawaru.
  5761 | D:5      | Reached skill level 2 in Maces & Flails
  5761 | D:5      | Reached XP level 7. HP: 60/62 MP: 7/10
  5788 | D:5      | Found an ancient bone altar of Kikubaaqudgha.
  5788 | D:5      | Noticed a human
  5793 | D:5      | Killed a human
  5830 | D:5      | Found a shimmering blue altar of Sif Muna.
  6104 | D:5      | Reached skill level 3 in Maces & Flails
  6795 | D:6      | Reached XP level 8. HP: 58/72 MP: 9/11
  6867 | D:6      | Found a glowing golden altar of the Shining One.
  6933 | D:6      | Reached skill level 4 in Maces & Flails
  7081 | D:6      | HP: 2/74 [gnoll (11)]
  7085 | D:6      | Slain by a gnoll

Illustrated notes

Levels and vault maps discovered:
D:1:      dpeg_arrival_chambers_temple_mockup, layout_basic, minmay_vboxes
D:2:      cheibrodos_old_hovel, layout_basic, serial_shops, shop, shop_statue,
          nicolae_shop_window_shopping, shapermc_ecumenical_altar_venn,
          uniq_natasha
D:3:      layout_loops_cross, bloody_makhleb,
          mainiacjoe_overflow_six_doors_small, chequers_serial_rivers_marsh,
          minmay_misc_feat_encased
D:4:      layout_basic
D:5:      layout_loops_ring, tgw_kikubaaqudgha, led_sif_pool, okawaru_trees_2
D:6:      layout_basic, grunt_gozag_statues, tso_oasis_becter

Skill      XL: |  1  2  3  4  5  6  7  8 |
---------------+-------------------------+-----
Axes           | 1 2 |  2.0
Dodging        | 2 3 |  3.6
Conjurations   | 1 2 |  2.5
Maces & Flails | 1 2 3 4 |  4.6
Fighting       | 1 2 |  2.9
Spellcasting   | 3 |  3.3
Short Blades   | |  0.5
Stealth        | |  1.8
Summonings     | |  0.6
Translocations | |  0.6

Action                   |  1- 3 |  4- 6 |  7- 9 || total
-------------------------+-------+-------+-------++-------
Melee: Dagger            |    26 |       |       ||    26
       Hand axe          |   104 |    22 |       ||   126
       Punch             |     2 |     3 |     5 ||    10
       Whip              |       |    74 |   126 ||   200
 Cast: Magic Dart        |    62 |    61 |    16 ||   139
  Use: Scroll            |     3 |     3 |     1 ||     7
 Stab: Sleeping          |       |     1 |       ||     1
Armor: Robe              |    60 |    14 |    27 ||   101
Dodge: Dodged            |    63 |    40 |    47 ||   150

Table legend: (Time is in decaauts)
 A = Elapsed time spent in this place.
 B = Non-inter-level travel time spent in this place.
 C = Inter-level travel time spent in this place.
 D = Time resting spent in this place.
 E = Time spent auto-exploring this place.
 F = Levels seen in this place.
 G = Mean time per level.
                   A        B        C        D        E       F      G
               +--------+--------+--------+--------+--------+-----+--------+
         Total |   7044 |   7044 |      0 |   1638 |      0 |   6 | 1174.0 |
       Dungeon |   7044 |   7044 |      0 |   1638 |      0 |   6 | 1174.0 |
               +--------+--------+--------+--------+--------+-----+--------+

Top non-repeatable levels by time:
     D:1: 1885 daAuts
     D:2: 1677 daAuts
     D:5: 1215 daAuts
     D:4: 1064 daAuts
     D:3: 926 daAuts
     D:6: 276 daAuts
